AoeStats
← cgan13289

Arena

510747958Analyzed
4v4 RM · 9h ago on Oct 2, 2026· 43m 49s· 8 players
Game mode
Random Map
Map size
Large (8 player)
Population
200
Speed
Normal
Resources
Standard
Victory
Conquest
Starting age
Dark Age
Ending age
Imperial Age
RankedLock teamsTeams togetherTeam positionsShared explorationLock speedFull tech treeHidden civsTurbo modeCheats
Victory
Defeat
🇨🇳 Muisca · China
1547
+12
🇨🇳 Slavs · China
1532
+12
🇹🇼 Saxons · Taiwan
1397
+18
1385
+18
🇺🇸 Poles · United States
1480
-17
🇬🇧 Hindustanis · United Kingdom
1453
-15
🇭🇰 Britons · Hong Kong SAR China
1417
-14
🇭🇰 Varangians · Hong Kong SAR China
1410
-14
Alotta Fagina
10:45 Feudal Age
14:47 Castle Age
13:32 Horse Collar
15:18 Double-Bit Axe
15:41 Heavy Plow
17:04 Bow Saw
27:07 Loom
30:48 Light Cavalry
32:29 Husbandry
33:41 Wheelbarrow
35:42 Fletching
36:05 Forging
36:02 Scale Barding Armor
38:01 Bloodlines
41:18 Iron Casting
41:03 Chain Barding Armor
LinG寶寶
11:33 Feudal Age
15:14 Castle Age
13:45 Double-Bit Axe
13:41 Horse Collar
16:25 Bow Saw
17:46 Wheelbarrow
21:32 Light Cavalry
22:49 Husbandry
24:19 Hand Cart
24:06 Loom
24:32 Gold Mining
26:19 Forging
30:40 Imperial Age
29:04 Iron Casting
29:04 Stone Mining
29:50 Gold Shaft Mining
29:16 Fletching
29:26 Padded Archer Armor
29:20 Crossbowman
30:18 Bodkin Arrow
31:59 Ballistics
31:01 Arbalester
31:43 Bracer
33:36 Leather Archer Armor
34:28 Chemistry
33:40 Masonry
35:31 Ring Archer Armor
38:30 Heavy Plow
39:05 Scale Mail Armor
40:05 Blast Furnace
38:29 Pikeman
39:09 Squires
38:54 Gambesons
39:36 Warwolf
40:00 Conscription
40:41 Yeomen
40:47 Chain Mail Armor
41:02 Halberdier
痛苦
10:17 Feudal Age
14:23 Castle Age
12:52 Double-Bit Axe
13:17 Horse Collar
16:36 Loom
19:29 Bow Saw
21:26 Wheelbarrow
23:51 Squires
24:29 Heavy Plow
25:44 Hand Cart
31:12 Imperial Age
29:06 Gold Mining
29:08 Stone Mining
29:20 Fletching
29:30 Padded Archer Armor
29:49 Fortified Wall
30:55 Stone Shaft Mining
30:34 Bodkin Arrow
30:59 Town Watch
33:01 Chemistry
32:21 Ballistics
32:18 Bracer
33:01 Guilds
34:02 Two-Man Saw
33:37 Crop Rotation
33:36 Capped Ram
33:59 Elite Skirmisher
34:28 Cranequins
35:18 Husbandry
36:47 Bloodlines
37:34 Leather Archer Armor
36:47 Light Cavalry
37:04 Heavy Mounted Crossbowman
38:40 Siege Ram
40:04 Ring Archer Armor
39:35 Scale Mail Armor
40:21 Conscription
43:42 Chain Mail Armor
43:32 Scale Barding Armor
43:37 Forging
43:13 Elite Jarl
Vedette87
6:48 Loom
9:34 Feudal Age
10:14 Double-Bit Axe
10:11 Horse Collar
10:29 Stone Mining
13:15 Wheelbarrow
15:36 Fletching
25:39 Castle Age
25:15 Gold Mining
25:16 Town Watch
26:56 Heavy Plow
30:43 Imperial Age
30:01 Bow Saw
30:00 Bodkin Arrow
31:40 Stone Shaft Mining
34:17 Bracer
36:14 Hand Cart
twitch.tv/TheSeniorSmurf
10:19 Feudal Age
11:05 Loom
14:35 Castle Age
12:34 Double-Bit Axe
25:12 Horse Collar
26:48 Wheelbarrow
26:30 Fervor
28:00 Bow Saw
31:48 Imperial Age
30:54 Chemistry
30:48 Padded Archer Armor
31:19 Heavy Plow
32:25 Leather Archer Armor
32:38 Masonry
32:55 Conscription
37:41 Hand Cart
38:17 Siege Engineers
38:43 Architecture
37:42 Pikeman
38:22 Squires
40:10 Halberdier
40:36 Arson
40:55 Scale Mail Armor
41:05 Forging
41:53 Chain Mail Armor
42:09 Ring Archer Armor
42:16 Ballistics
42:17 Town Watch
43:08 Iron Casting
42:24 Fletching
43:11 Houfnice
43:49 Elite Skirmisher
cgan13289
10:38 Feudal Age
11:49 Double-Bit Axe
14:27 Castle Age
12:33 Gold Mining
13:37 Scale Mail Armor
15:36 Chain Mail Armor
15:35 Gambesons
17:45 Loom
21:17 Bow Saw
21:55 Horse Collar
24:51 Heavy Plow
26:01 Wheelbarrow
29:19 Gold Shaft Mining
28:35 Stone Mining
29:51 Town Watch
33:39 Imperial Age
30:51 Treadmill Crane
31:23 Forging
31:45 Hand Cart
32:43 Squires
33:21 Iron Casting
34:57 Plate Mail Armor
33:54 Elite Varangian Guard
34:38 Arson
34:27 Pikeman
35:09 Shield Wall
36:10 Conscription
35:19 Halberdier
42:54 Elite Hearth Troop
丙酮酸嗦话梅
7:39 Loom
10:24 Feudal Age
11:11 Double-Bit Axe
14:00 Castle Age
13:49 Horse Collar
15:42 Gold Mining
19:18 Sanctity
20:07 Redemption
23:16 Fervor
25:45 Scale Mail Armor
35:46 Imperial Age
36:55 Conscription
38:19 Capped Ram
39:17 Town Watch
40:08 Wheelbarrow
42:19 Hoardings
43:14 Hand Cart
44:04 Chain Mail Armor
44:20 Forging
微变等效电路法
10:43 Feudal Age
14:37 Castle Age
13:40 Double-Bit Axe
17:02 Loom
19:59 Horse Collar
21:06 Bow Saw
22:43 Heavy Plow
24:31 Wheelbarrow
28:10 Imperial Age
25:51 Stone Mining
26:35 Gold Mining
26:52 Scale Barding Armor
27:16 Hand Cart
27:55 Gold Shaft Mining
28:32 Forging
28:43 Chain Barding Armor
29:24 Bloodlines
29:15 Husbandry
29:51 Crop Rotation
30:24 Two-Man Saw
29:47 Sanctity
29:30 Devotion
30:36 Conscription
31:24 Coinage
32:11 Plate Barding Armor
32:03 Detinets
32:04 Town Watch
33:33 Iron Casting
36:14 Light Cavalry
36:55 Hussar
37:36 Elite Boyar
39:47 Blast Furnace
40:20 Fletching
43:26 Masonry
44:46 Hoardings
Connection lost

Rejoining the realm…

Still unreachable

The connection could not be restored.

Session expired

The server has moved on; the page needs a fresh start.